AoeStats
← xXMotherHunter96Xx

Arabia

508942193Analyzed
2v2 RM · 7d ago on Sep 24, 2026· 57m 36s· 4 players
Game mode
Random Map
Map size
Medium (4 player)
Population
200
Speed
Normal
Resources
Standard
Victory
Conquest
Starting age
Dark Age
Ending age
Imperial Age
RankedLock teamsTeams togetherTeam positionsShared explorationLock speedFull tech treeHidden civsTurbo modeCheats
Victory
Defeat
🇨🇴 Varangians · Colombia
1226
+15
🇨🇴 Poles · Colombia
1205
+16
🇨🇭 Saracens · Switzerland
1252
-17
🇨🇭 Mongols · Switzerland
1165
-14
SpeedyMCLörres
7:30 Loom
9:47 Feudal Age
10:41 Man-at-Arms
12:52 Double-Bit Axe
16:55 Fletching
27:14 Castle Age
26:13 Padded Archer Armor
27:17 Crossbowman
27:54 Bodkin Arrow
29:39 Bow Saw
33:00 Ballistics
32:48 Thumb Ring
35:49 Scale Barding Armor
36:30 Husbandry
38:49 Wheelbarrow
45:45 Imperial Age
43:48 Leather Archer Armor
47:22 Bracer
47:58 Horse Collar
48:23 Arbalester
51:25 Chemistry
54:55 Scale Mail Armor
55:06 Forging
56:03 Pikeman
57:00 Chain Mail Armor
57:21 Iron Casting
xXMotherHunter96Xx
4:33 Loom
9:58 Feudal Age
26:14 Castle Age
25:20 Scale Barding Armor
26:07 Bloodlines
27:07 Wheelbarrow
34:30 Double-Bit Axe
44:22 Fletching
44:55 Horse Collar
46:50 Wheelbarrow
48:24 Chain Barding Armor
48:21 Husbandry
50:06 Bow Saw
50:30 Forging
56:58 Imperial Age
56:46 Bodkin Arrow
58:10 Hand Cart
Maxpower1312
5:23 Loom
10:46 Feudal Age
12:11 Double-Bit Axe
12:06 Horse Collar
20:40 Wheelbarrow
20:17 Bloodlines
21:31 Scale Barding Armor
21:38 Town Watch
23:23 Forging
24:09 Fletching
27:22 Padded Archer Armor
31:09 Castle Age
29:34 Gold Mining
37:31 Bow Saw
40:55 Chain Barding Armor
42:13 Heavy Plow
47:41 Imperial Age
46:30 Hand Cart
47:09 Iron Casting
47:35 Husbandry
47:25 Vendel Legacy
49:49 Plate Barding Armor
49:04 Cavalier
50:08 Conscription
53:18 Blast Furnace
53:35 Fortified Wall
53:36 Elite Varangian Guard
54:17 Scale Mail Armor
54:22 Squires
54:08 Arson
55:16 Chain Mail Armor
54:25 Gothikon
57:20 Plate Mail Armor
[VL] Otto von Bismarck
6:13 Loom
9:53 Feudal Age
10:50 Double-Bit Axe
11:32 Horse Collar
22:37 Forging
22:32 Scale Barding Armor
26:34 Castle Age
27:17 Heavy Plow
27:00 Light Cavalry
28:03 Husbandry
28:13 Bloodlines
30:39 Szlachta Privileges
31:09 Gold Mining
31:10 Stone Mining
36:16 Bow Saw
42:39 Heavy Plow
43:31 Wheelbarrow
42:42 Town Watch
46:41 Fortified Wall
49:30 Imperial Age
49:41 Imperial Age
47:17 Town Patrol
47:33 Hand Cart
50:25 Stone Shaft Mining
50:52 Iron Casting
50:37 Chain Barding Armor
50:52 Iron Casting
50:37 Chain Barding Armor
50:52 Iron Casting
50:47 Cavalier
53:13 Blast Furnace
55:40 Conscription
56:29 Caravan
Connection lost

Rejoining the realm…

Still unreachable

The connection could not be restored.

Session expired

The server has moved on; the page needs a fresh start.